 Dungeon Crawl Stone Soup version 0.30.1-9-gdf580d7c3d (webtiles) character file.

Game seed: 3733090710138579151

25 lonewolfV2 the Shield-Bearer (level 3, -10/1 (30) HPs)
             Began as a Formicid Fighter on Oct 22, 2023.
             Mangled by Sigmund
             ... wielding a +6 scythe of protection
              (11 damage)
             ... on level 2 of the Dungeon.
             The game lasted 00:03:28 (3173 turns).

lonewolfV2 the Shield-Bearer (Formicid Fighter)     Turns: 3173, Time: 00:03:28

HP:   -10/1 (30)    AC:  7    Str: 22    XL:     3   Next: 20%
MP:   12/12         EV:  9    Int:  7    God:
Gold: 88            SH:  5    Dex: 13    Spells: 2/2 levels left

rFire   . . .        a - +0 war axe (chaos)
rCold   . . .        c - +0 buckler
rNeg    . . .        b - +0 scale mail
rPois   .            (helmet unavailable)
rElec   .            (no cloak)
rCorr   .            (no gloves)
SInv    +            (no boots)
Will    .....        (no amulet) Stlth
                     i - ring of magical power
HPRegen 0.20/turn    (no ring)
MPRegen 0.13/turn

%: no passive effects
@: mighty, extremely drained
A: permanent stasis, dig shafts and tunnels, antennae 3, four strong arms, wild
magic 1
a: Dig, Shaft Self


You were on level 2 of the Dungeon.
You visited 1 branch of the dungeon, and saw 2 of its levels.

You collected 88 gold pieces.

Inventory:

Hand Weapons
 a - a +0 war axe of chaos (weapon)
Armour
 b - a +0 scale mail (worn)
 c - a +0 buckler (worn)
Jewellery
 i - a ring of magical power (left hand)
Scrolls
 h - a scroll of teleportation
Potions
 e - a potion of mutation
 g - a potion of degeneration


   Skills:
 + Level 3.7 Fighting
 - Level 2.0 Axes
 + Level 3.7 Armour
 + Level 4.5 Shields


You had 2 spell levels left.
You didn't know any spells.
Your spell library was empty.

Dungeon Overview and Level Annotations

Branches:
Dungeon (2/15)

Altars:

Shops:
D:1 *

Annotations:
D:2 Sigmund


Innate Abilities, Weirdness & Mutations

You cannot be hasted, slowed, berserked, paralysed or teleported.
You can dig through walls and to a lower floor.
You have a pair of large antennae on your head. (SInv)
Your four strong arms can wield two-handed weapons with a shield.
Your spells are a little harder to cast, but a little more powerful.


Message History

As you read the scroll labelled NOEZAD HUUNT, it crumbles to dust.
The air around you briefly surges with heat, but it dissipates.
It was a scroll of immolation.
As you read the scroll labelled PEBLEPNIULE, it crumbles to dust.
It is a scroll of brand weapon.
Your +0 war axe erupts in a glittering mayhem of colour.
a - a +0 war axe of chaos (weapon)
You start waiting.
Done waiting.
You start waiting.
A bat comes into view.
A bat is nearby!
A bat is nearby!
You block the bat's attack. You block the bat's attack.
The bat hits you but does no damage.
You see here an orb of guile.
You closely miss the bat. The bat hits you but does no damage.
You block the bat's attack. The bat closely misses you.
The bat barely misses you.
You slash the bat! You burn the bat.
You kill the bat!
Found a dagger.
Found a stone staircase leading down.
You now have 88 gold pieces (gained 4).
Found a mace.
e - 2 murky pink potions You sense a monster nearby.
It was a potion of mutation.
You feel extremely strange.
You feel less in control of your magic.
You feel very mighty all of a sudden.
Sigmund the Dreaded comes into view.
He is wielding a +6 scythe of protection.
Sigmund shouts!
A kobold comes into view. It is wielding a +0 dagger.
The kobold shouts!
The kobold throws a stone.
The stone hits you but does no damage.
Sigmund hits you with a +6 scythe of protection!
Ouch! That really hurt!
You die...

.... #.##............
....###.##............
........##............
......................
......................
#.....................
......................
######..#######...)...
#@@....# .......
#....$....# ..####
#.........# .. #.
#...........# ..###.
####......#.# #....
#......#.# #....
#...K..# .### #....
#......# .(.##....
###..#....


You could see Sigmund and a kobold.

Vanquished Creatures
  A dart slug (D:1)
  2 endoplasms (D:1)
  4 goblins (D:1)
  4 hobgoblins (D:1)
  A kobold (D:1)
  A ball python (D:1)
  5 bats
  2 frilled lizards (D:1)
  2 rats (D:1)
22 creatures vanquished.

Notes
Turn   | Place    | Note
-------+----------+-------------------------------------------
     0 | D:1      | lonewolfV2 the Formicid Fighter began the quest for the
                  | Orb.
     0 | D:1      | Reached XP level 1. HP: 18/18 MP: 1/1
   170 | D:1      | Found Xenel's Assorted Antiques.
   244 | D:1      | Reached XP level 2. HP: 24/24 MP: 2/2
   330 | D:1      | Found a faded altar of an unknown god.
   331 | D:1      | Noticed an eye of devastation
   333 | D:1      | Noticed a floating eye
   333 | D:1      | Noticed a floating eye
   333 | D:1      | Noticed a shining eye
   340 | D:1      | Reached XP level 3. HP: 30/30 MP: 3/3
  3167 | D:2      | Gained mutation: Your spells are a little harder to cast,
                  | but a little more powerful. [potion of mutation]
  3170 | D:2      | Noticed Sigmund
  3173 | D:2      | Mangled by Sigmund

Illustrated notes

Levels and vault maps discovered:
D:1:      wander_arrival_lonely_grave, layout_basic, serial_shops, shop,
          hellmonk_ecumenical_altar_watching_god, hangedman_decor_growths,
          minmay_tetromino_i2
D:2:      layout_basic, uniq_sigmund

Action                     || total
---------------------------++-------
  Melee: War axe           ||    33
Ability: Dig               ||    21
    Use: Scroll            ||     5
         Potion            ||     2
 Armour: Scale mail        ||    30
  Dodge: Dodged            ||    20
  Block: Buckler           ||    23
